 Dungeon Sprint DCSS version 0.26-a0-663-g36e8fdb655 (webtiles) character file.

Game seed: 6200794608759258177

3390 Conn the Thaumaturge (level 10, -21/68 HPs)
             Began as an Octopode Hedge Wizard on Oct 10, 2020.
             Was a High Priest of Sif Muna.
             Demolished by a green draconian
             ... wielding a +0 glaive
              (23 damage)
             ... in the Dungeon (Sprint V: "Ziggurat Sprint").
             The game lasted 00:21:36 (872 turns).

Conn the Thaumaturge (Octopode Hedge Wizard)         Turns: 872, Time: 00:21:41

Health: -21/68     AC:  1    Str: 23    XL:     10   Next: 4%
Magic:  2/35       EV: 18    Int: 28    God:    Sif Muna [*****.]
Gold:   0          SH:  0    Dex: 19    Spells: 4/34 levels left

rFire    . . .     SeeInvis +   V - +6 short sword "Concordance" {vorpal, Str+2}
rCold    + . .     Faith    .   (no shield)
rNeg     . . .     Spirit   .   w - +0 hat
rPois    .         Reflect  .   N - amulet of the acrobat
rElec    .         Harm     .   T - ring "Vaaceir" {rCorr Int+3}
rCorr    +         Rampage  .   B - +6 ring of intelligence
MR       .....     NoTele   +   U - ring of the Chupacabra {rC+ Stlth+}
Stlth    ++++++....             z - +6 ring of dexterity
HPRegen  0.21/turn              C - +6 ring of strength
MPRegen  0.24/turn              D - +6 ring of strength
                                O - ring of magical power
                                R - ring of see invisible

@: no status effects
A: almost no armour, stealthy swim, amphibious, 8 rings, constrict 8, camouflage
1, gelatinous body 1
a: Channel Magic, Forget Spell, Divine Exegesis, Renounce Religion


You were in the Dungeon.
You worshipped Sif Muna.
Sif Muna was extremely pleased with you.
You visited 1 branch

Inventory:

Hand Weapons
 a - the +8 lance "Wyrmbane" {slay drac, rPois rF+ rC+ AC+3}
   (You found it in the Dungeon)

   It affects your AC (+3).
   It protects you from fire.
   It protects you from cold.
   It protects you from poison.
 E - the +6 Majin-Bo {vamp, MP+6 Int+6}
   (You found it in the Dungeon)

   It inflicts no extra harm, but heals its wielder when it wounds a living foe.
   It affects your intelligence (+6).
   It affects your magic capacity (+6).
 G - the +7 Singing Sword {vorpal, sonic wave}
   (You found it in the Dungeon)

   It inflicts extra damage upon your enemies.
 H - a +0 dagger
 I - the +10 dark maul {vorpal}
   (You found it in the Dungeon)

   It inflicts extra damage upon your enemies.
 J - the +9 heavy crossbow "Sniper" {vorpal, Acc+∞ SInv}
   (You found it in the Dungeon)

   Any bolt fired from it inflicts extra damage.
   It lets you see invisible.
 K - a +5 quick blade
 Q - the +3 long sword of Suligy {venom, MR+}
   (You found it in the Dungeon)

   It poisons the flesh of those it strikes.
   It affects your resistance to hostile enchantments.
 S - the cursed +1 war axe of Alapaz {venom, rElec rN+}
   (You took it off an orc priest in the Dungeon)

   It poisons the flesh of those it strikes.
   It insulates you from electricity.
   It protects you from negative energy.
   It has a curse placed upon it.
 V - the +6 short sword "Concordance" (weapon) {vorpal, Str+2}
   (You found it in the Dungeon)

   It inflicts extra damage upon your enemies.
   It affects your strength (+2).
Armour
 w - a +0 hat (worn)
 F - the +18 shield of the Gong {rElec rN+ MR+ EV-5}
   (You found it in the Dungeon)

   It affects your evasion (-5).
   It insulates you from electricity.
   It protects you from negative energy.
   It affects your resistance to hostile enchantments.
 L - a +3 buckler
Magical Staves
 b - an uncursed staff of conjuration
 M - an uncursed staff of fire
Jewellery
 x - an uncursed ring of flight
 y - a +6 ring of dexterity
 z - a +6 ring of dexterity (on tentacle)
 A - a +6 ring of intelligence
 B - a +6 ring of intelligence (right tentacle)
 C - a +6 ring of strength (on tentacle)
 D - a +6 ring of strength (on tentacle)
 N - an amulet of the acrobat (around mantle)
 O - a ring of magical power (on tentacle)
 R - a ring of see invisible (on tentacle)
 T - the ring "Vaaceir" (left tentacle) {rCorr Int+3}
   (You found it in the Dungeon)

   [ring of resist corrosion]

   It affects your intelligence (+3).
   It provides partial protection from all sources of acid and corrosion.
 U - the ring of the Chupacabra (on tentacle) {rC+ Stlth+}
   (You found it in the Dungeon)

   [ring of stealth]

   It protects you from cold.
   It makes you more stealthy.
Wands
 u - a wand of disintegration (7)
 v - a wand of iceblast (3)
Scrolls
 c - 4 scrolls of amnesia
 i - 4 scrolls of blinking
 j - 7 scrolls of fog
 k - a scroll of holy word
 l - 5 scrolls of identify
 m - 5 scrolls of remove curse
 n - 2 scrolls of fear
Potions
 d - 10 potions of curing
 e - 6 potions of heal wounds
 f - 6 potions of haste
 g - 6 potions of magic
 h - 3 potions of berserk rage
 o - 2 potions of brilliance
 p - 2 potions of invisibility
 q - 4 potions of resistance
 r - a potion of experience
 s - 5 potions of stabbing
 t - 5 potions of might
Miscellaneous
 P - a tin of tremorstones (3/3)


   Skills:
 + Level 6.1 Fighting
 + Level 2.3(2.6) Polearms
 + Level 1.3(2.1) Staves
 + Level 6.7 Dodging
 - Level 8.8 Stealth
 + Level 12.8 Spellcasting
 * Level 8.3 Conjurations
 + Level 4.4 Summonings
 + Level 4.5 Translocations
 * Level 6.5 Fire Magic
 - Level 4.1 Air Magic
 + Level 1.1 Earth Magic
 - Level 5.0 Poison Magic
 + Level 3.9 Evocations


You had 4 spell levels left.
You knew the following spells:

 Your Spells              Type           Power        Failure   Level
a - Magic Dart            Conj           ####         1%          1
b - Blink                 Tloc           N/A          1%          2
c - Call Imp              Summ           #####...     1%          2
d - Conjure Flame         Conj/Fire      ######..     1%          3
e - Mephitic Cloud        Conj/Pois/Air  ######..     1%          3
f - Slow                  Hex            ###.....     4%          2
g - Stone Arrow           Conj/Erth      #####.       1%          3
h - Summon Forest         Summ/Tloc      #####.....   13%         5
i - Summon Ice Beast      Ice/Summ       ####....     12%         4
j - Summon Demon          Summ           #####.....   14%         5

Your spell library contained the following spells:

 Spells                   Type           Power        Failure   Level
 Shock                    Conj/Air       ####         1%          1
 Corpse Rot               Necr/Air       N/A          1%          2
 Poisonous Vapours        Pois/Air       #####.       1%          2
 Call Canine Familiar     Summ           #####...     1%          3
 Dazzling Flash           Conj/Hex       #####.       1%          3
 Corona                   Hex            ###....      3%          1
 Passwall                 Tmut/Erth      ###.....     3%          2
 Ensorcelled Hibernation  Hex/Ice        ###...       4%          2
 Summon Lightning Spire   Summ/Air       #####...     5%          4
 Confusing Touch          Hex            ###.....     9%          3
 Tukima's Dance           Hex            ###.....     9%          3
 Ice Form                 Ice/Tmut       ###.....     30%         4
 Borgnjor's Vile Clutch   Necr/Erth      ###.......   54%         5
 Agony                    Necr           ###.....     63%         5
 Metabolic Englaciation   Hex/Ice        ###.......   63%         5
 Yara's Violent Unravell  Hex/Tmut       ###.......   63%         5
 Freezing Cloud           Conj/Ice/Air   #####.....   63%         6
 Eringya's Noxious Bog    Tmut/Pois      ####......   86%         6
 Hydra Form               Tmut           ###.......   99%         6
 Ozocubu's Refrigeration  Ice            ###.......   99%         6
 Simulacrum               Ice/Necr       ###.......   99%         6
 Summon Hydra             Summ           #####.....   99%         7
 Dragon Form              Tmut           ###.......   100%        7
 Dragon's Call            Summ           #####.....   100%        9


Dungeon Overview and Level Annotations

Branches:
Dungeon (1/1)

Altars:
Ashenzari
Cheibriados
Dithmenos
Elyvilon
Fedhas
Gozag
Hepliaklqana
Kikubaaqudgha
Makhleb
Nemelex Xobeh
Okawaru
Qazlal
Ru
Sif Muna
Trog
Uskayaw
Vehumet
Wu Jian
Xom
Yredelemnul
Zin
The Shining One
Beogh
Jiyva
Lugonu

Annotations:
D 1 transporter


Innate Abilities, Weirdness & Mutations

You cannot wear most types of armour.
You are very stealthy in the water. (Stealth+)
You are amphibious.
You can wear up to eight rings at the same time.
You can use your tentacles to constrict eight enemies at once.
Your skin changes colour to match your surroundings (Stealth+).
Your rubbery body absorbs attacks. (AC +1, EV +1)


Message History

Confirm with . or Enter, or press ? or * to list all spells.
Aiming: Mephitic Cloud (safe; 1% risk of failure)
Press: ? - help, Shift-Dir - straight line, f - draconian
Aim: a draconian, wielding a +0 club (moderately wounded)
The ball explodes into a vile cloud!
The stinking cloud engulfs the draconian but does no damage.
The draconian is moderately wounded.
The stinking cloud engulfs the green draconian but does no damage.
The green draconian is lightly wounded.
Your dryad looks more healthy.
The draconian is engulfed in noxious fumes.
The draconian appears confused.
The yellow draconian is engulfed in noxious fumes.
The black draconian breathes lightning at you.
The bolt of lightning hits you!!
Ouch! That really hurt!
* * * LOW HITPOINT WARNING * * *
The bolt of lightning misses you.
The green draconian hits you from afar with a +0 glaive!!
You die...

▓...†....▓..=.....
▓........▓..).....
▓..†.....▓........
▓.▓....▓.▓.▓.[|.▓.
▓...©....▓...©)...
▓▓▓▓▓▓▓▓▓▓▓▓▓▓▓▓▓▓
▓...8©8...▓..8©8..
▓.§○○"=...▓..[[...
▓@d☼°○[d..▓..[....
▓.☼d§○○...▓.......
▓.d§§○....▓.......
▓..dRdd...▓.......
▓.........▓.......
▓.▓.....▓.▓....†..
▓....©....▓...©.†.
▓▓▓▓▓▓▓▓▓▓▓▓▓▓▓▓▓▓
▓..8©8..


You could see a black draconian (catching breath), a yellow draconian
(confused), a green draconian, 4 draconians and a friendly dryad (summoned).

Vanquished Creatures
  A yellow draconian (D)
  A hydra (D)
  2 draconians (D)
  A cane toad (D)
  2 merfolk (D)
  2 yaks (D)
  2 wolves (D)
  A necrophage (D)
  3 bullfrogs (D)
  4 orc priests (D)
  2 iguanas (D)
  2 river rats (D)
  An adder zombie (D)
  An orc (D)
  A bat skeleton (D)
  A jackal (D)
  A jackal skeleton (D)
  A quokka skeleton (D)
  A quokka zombie (D)
30 creatures vanquished.

Vanquished Creatures (others)
  A snaplasher vine (D)
1 creature vanquished.

Grand Total: 31 creatures vanquished

Notes
Turn   | Place    | Note
-------+----------+-------------------------------------------
     0 | D        | Conn the Octopode Hedge Wizard began the quest for the Orb.
     0 | D        | Reached XP level 1. HP: 11/11 MP: 4/4
     2 | D        | Found a blossoming altar of Fedhas.
     3 | D        | Found the +6 Majin-Bo {vamp, MP+6 Int+6}
     3 | D        | Found the +9 heavy crossbow "Sniper" {vorpal, Acc+∞ SInv}
     3 | D        | Found the +10 dark maul {vorpal}
     3 | D        | Found the +15 Maxwell's patent armour {-Cast -Tele rElec
                  | MR+ rCorr}
     3 | D        | Found the +18 shield of the Gong {rElec rN+ MR+ EV-5}
     3 | D        | Found the cursed +14 obsidian axe {vorpal, +Fly SInv
                  | *Curse}
     3 | D        | Found the +7 great mace "Firestarter" {inner flame, rF++}
     3 | D        | Found the +6 shillelagh "Devastator" {shatter}
     3 | D        | Found the +11 plutonium sword {*Contam Stlth-}
     3 | D        | Found the +8 lance "Wyrmbane" {slay drac, rPois rF+ rC+
                  | AC+3}
     3 | D        | Found the +9 sword of Zonguldrok {reap}
     3 | D        | Found the cursed +13 scythe of Curses {drain, *Curse}
     3 | D        | Found the +0 sword of Power
     3 | D        | Found the +7 mace of Variability {chain chaos}
     3 | D        | Found the +7 Singing Sword {vorpal, sonic wave}
     3 | D        | Found the +8 storm bow {elec, penet}
     3 | D        | Found a viscous altar of Jiyva.
     3 | D        | Found a hazy altar of Hepliaklqana.
     3 | D        | Found a transporter.
     3 | D        | Found an opulent altar of Gozag.
     3 | D        | Found an ancient bone altar of Kikubaaqudgha.
     3 | D        | Found a corrupted altar of Lugonu.
    13 | D        | Found a burning altar of Makhleb.
    14 | D        | Found a sacrificial altar of Ru.
    14 | D        | Found a shimmering blue altar of Sif Muna.
    14 | D        | Found a stormy altar of Qazlal.
    14 | D        | Found a bloodstained altar of Trog.
    14 | D        | Found an iron altar of Okawaru.
    14 | D        | Found a sparkling altar of Nemelex Xobeh.
    26 | D        | Banished a spatial maelstrom
    54 | D        | Became a worshipper of Sif Muna the Loreminder
    88 | D        | Entered arena 2.
    88 | D        | Noticed a merfolk
    88 | D        | Noticed a merfolk
    88 | D        | Found a transporter.
    93 | D        | Killed a merfolk
    93 | D        | Reached skill level 9 in Spellcasting
    93 | D        | Reached XP level 2. HP: 17/17 MP: 4/12
    93 | D        | Reached XP level 3. HP: 21/21 MP: 4/13
    93 | D        | Reached XP level 4. HP: 27/27 MP: 4/15
    93 | D        | Reached XP level 5. HP: 31/31 MP: 4/16
   101 | D        | Killed a merfolk
   101 | D        | Reached skill level 5 in Dodging
   101 | D        | Reached skill level 10 in Spellcasting
   101 | D        | Reached skill level 1 in Evocations
   101 | D        | Reached XP level 6. HP: 30/42 MP: 5/19
   191 | D        | Learned a level 2 spell: Blink
   194 | D        | Learned a level 2 spell: Call Imp
   198 | D        | Learned a level 3 spell: Conjure Flame
   202 | D        | Learned a level 3 spell: Mephitic Cloud
   205 | D        | Learned a level 2 spell: Slow
   207 | D        | Entered arena 3.
   207 | D        | Noticed a draconian
   207 | D        | Noticed a draconian
   207 | D        | Noticed a yellow draconian
   207 | D        | Found a transporter.
   216 | D        | Killed a draconian
   216 | D        | Reached * piety under Sif Muna
   216 | D        | Reached skill level 11 in Spellcasting
   216 | D        | Reached XP level 7. HP: 48/48 MP: 9/21
   239 | D        | Killed a yellow draconian
   239 | D        | Reached skill level 5 in Fighting
   239 | D        | Reached skill level 5 in Conjurations
   239 | D        | Reached XP level 8. HP: 36/55 MP: 8/23
   248 | D        | Killed a draconian
   248 | D        | Reached skill level 5 in Poison Magic
   248 | D        | Reached XP level 9. HP: 26/62 MP: 9/24
   474 | D        | Entered arena 4.
   474 | D        | Found a transporter.
   484 | D        | Reached ** piety under Sif Muna
   488 | D        | Reached skill level 12 in Spellcasting
   550 | D        | Learned a level 3 spell: Stone Arrow
   556 | D        | Learned a level 5 spell: Summon Forest
   562 | D        | Entered arena 5.
   562 | D        | Found a transporter.
   565 | D        | Reached *** piety under Sif Muna
   572 | D        | Reached skill level 5 in Fire Magic
   584 | D        | Got the +3 long sword of Suligy {venom, MR+}
   626 | D        | Entered arena 6.
   626 | D        | Found a transporter.
   627 | D        | Identified the cursed +1 war axe of Alapaz {venom, rElec
                  | rN+}
   627 | D        | Reached **** piety under Sif Muna
   673 | D        | Entered arena 7.
   673 | D        | Noticed a five-headed hydra
   673 | D        | Noticed a cane toad
   680 | D        | Found a transporter.
   684 | D        | Reached ***** piety under Sif Muna
   686 | D        | Killed a cane toad
   686 | D        | Identified Sif Muna's Reference Book on Supportive
                  | Weightlessness (Sif Muna gifted it to you in the Dungeon)
   686 | D        | Received a gift from Sif Muna
   686 | D        | Reached skill level 1 in Polearms
   693 | D        | Killed a five-headed hydra
   693 | D        | Reached skill level 1 in Staves
   699 | D        | Reached skill level 1 in Earth Magic
   699 | D        | Reached XP level 10. HP: 46/68 MP: 10/26
   711 | D        | Got the ring "Vaaceir" {rCorr Int+3}
   713 | D        | Got the ring of the Chupacabra {rC+ Stlth+}
   719 | D        | Got the +6 short sword "Concordance" {vorpal, Str+2}
   808 | D        | Learned a level 4 spell: Summon Ice Beast
   814 | D        | Learned a level 5 spell: Summon Demon
   821 | D        | Entered arena 8.
   822 | D        | Found a transporter.
   835 | D        | Identified Topebes's Tome of Feathery Transmutation (Sif
                  | Muna gifted it to you in the Dungeon)
   835 | D        | Received a gift from Sif Muna
   842 | D        | Got the Tome of Floating Unholy Secrets
   852 | D        | Entered arena 9.
   852 | D        | Noticed a yellow draconian
   852 | D        | Noticed a draconian
   852 | D        | Noticed a black draconian
   852 | D        | Noticed a draconian
   852 | D        | Noticed a draconian
   852 | D        | Noticed a draconian
   852 | D        | Noticed a green draconian
   853 | D        | Found a transporter.
   872 | D        | HP: 2/68 [black draconian/bolt of lightning (34)]
   872 | D        | Demolished by a green draconian

Illustrated notes

Levels and vault maps discovered:
D:        sprint_v [room_start, room_1, room_2, room_3, room_4, room_5, room_6,
          room_7, room_8, room_9, room_10, room_11, room_12, room_13, room_14,
          room_15, room_16, room_17, room_18, room_19, room_20, room_21,
          room_22, room_23, room_24, room_25, room_26, room_27]

Skill      XL: |  1  2  3  4  5  6  7  8  9 |
---------------+----------------------------+-----
Dodging        | 4 5 6 |  6.7
Stealth        | 6 7 8 |  8.8
Spellcasting   | 9 10 11 12 | 12.8
Fighting       | 3 4 5 6 |  6.1
Conjurations   | 3 4 5 6 8 |  8.3
Evocations     | 1 2 3 |  3.9
Summonings     | 2 3 4 |  4.4
Translocations | 2 4 |  4.5
Fire Magic     | 2 3 4 6 |  6.5
Air Magic      | 2 3 4 |  4.1
Poison Magic   | 2 4 5 |  5.0
Polearms       | 2 |  2.3
Staves         | 1 |  1.3
Earth Magic    | 1 |  1.1

Action                   |  1- 3 |  4- 6 |  7- 9 | 10-12 || total
-------------------------+-------+-------+-------+-------++-------
Melee: Quick blade       |     1 |     2 |    14 |       ||    17
       Tentacles         |     1 |     2 |    11 |     5 ||    19
       Constrict         |     1 |     1 |     7 |     3 ||    12
       Lance             |       |       |    18 |    14 ||    32
       Staff             |       |       |    10 |       ||    10
 Cast: Mephitic Cloud    |       |     2 |    11 |     8 ||    21
       Call Imp          |       |     1 |     3 |       ||     4
       Blink             |       |       |     6 |     2 ||     8
       Magic Dart        |       |       |    14 |       ||    14
       Stone Arrow       |       |       |     6 |       ||     6
       Summon Forest     |       |       |     1 |     1 ||     2
       Summon Ice Beast  |       |       |       |     1 ||     1
Evoke: Wand              |     1 |     9 |     1 |       ||    11
  Use: Potion            |       |     3 |     2 |       ||     5
 Stab: Sleeping          |     1 |       |       |     2 ||     3
       Confused          |       |       |    14 |     1 ||    15
Armor: Skin              |       |       |     2 |     2 ||     4
Dodge: Dodged            |     2 |     4 |    31 |    13 ||    50

Table legend: (Time is in decaauts)
 A = Elapsed time spent in this place.
 B = Non-inter-level travel time spent in this place.
 C = Inter-level travel time spent in this place.
 D = Time resting spent in this place.
 E = Time spent auto-exploring this place.
 F = Levels seen in this place.
 G = Mean time per level.
                   A        B        C        D        E       F      G
               +--------+--------+--------+--------+--------+-----+--------+
         Total |    856 |    856 |      0 |    441 |      0 |   1 |  856.0 |
       Dungeon |    856 |    856 |      0 |    441 |      0 |   1 |  856.0 |
               +--------+--------+--------+--------+--------+-----+--------+

Top non-repeatable levels by time:
       D: 856 daAuts
